 Dungeon Crawl Stone Soup version 0.30.1-3-gfc49f6343a (webtiles) character file.

Game seed: 17854940320146495068

2489 Destapler the Fighter (level 9, -3/77 (82) HPs)
             Began as a Minotaur Fighter on July 20, 2023.
             Was a Priest of Qazlal.
             Slain by a wight
             ... wielding a +5 trident
              (10 damage)
             ... on level 7 of the Dungeon.
             The game lasted 00:17:52 (5841 turns).

Destapler the Fighter (Minotaur Fighter)            Turns: 5841, Time: 00:17:52

HP:   -3/77 (82)    AC: 14    Str: 23    XL:     9   Next: 27%
MP:   0/12          EV:  7    Int:  5    God:    Qazlal [***...]
Gold: 439           SH:  8    Dex: 12    Spells: 8/8 levels left

rFire   . . .        a - +0 war axe (drain)
rCold   . . .        c - +0 buckler
rNeg    . . .        l - +0 plate armour
rPois   .            (helmet restricted)
rElec   .            t - +0 cloak
rCorr   .            r - +0 pair of gloves
SInv    +            (no boots)
Will    .....        m - amulet of guardian spirit Stlth
                     s - ring of see invisible
HPRegen 0.32/turn    (no ring)
MPRegen 0.13/turn

%: guardian spirit
@: hasted, drained, very quick
A: horns 2, retaliatory headbutt
a: Renounce Religion, Upheaval, Elemental Force


You were on level 7 of the Dungeon.
You worshipped Qazlal.
Qazlal was most pleased with you.
You visited 1 branch of the dungeon, and saw 7 of its levels.

You collected 439 gold pieces.

Inventory:

Hand Weapons
 a - a +0 war axe of draining (weapon)
 b - a +3 vampiric dagger
Missiles
 d - 24 poisoned darts
 A - 6 boomerangs
 B - 4 datura-tipped darts
Armour
 c - a +0 buckler (worn)
 f - a +0 scale mail
 l - a +0 plate armour (worn)
 r - a +0 pair of gloves (worn)
 t - a +0 cloak (worn)
Jewellery
 m - an amulet of guardian spirit (around neck)
 s - a ring of see invisible (left hand)
 x - a +6 ring of intelligence
Wands
 y - a wand of quicksilver (8)
 z - a wand of flame (9) (quivered)
Scrolls
 e - 4 scrolls of identify
 g - 3 scrolls of fear
 h - 2 scrolls of fog
 k - a scroll of vulnerability
 o - 6 scrolls of teleportation
 u - 2 scrolls of enchant weapon
Potions
 i - 2 potions of mutation
 j - 3 potions of curing
 p - a potion of heal wounds
 q - a potion of brilliance
 v - a potion of haste


   Skills:
 + Level 8.8 Fighting
 - Level 6.0 Short Blades
 - Level 3.0 Axes
 - Level 3.0 Throwing
 - Level 4.0 Armour
 - Level 3.0 Dodging
 - Level 2.0 Stealth
 - Level 4.0 Shields
 - Level 6.0 Invocations
 + Level 2.8 Evocations


You had 8 spell levels left.
You didn't know any spells.
Your spell library contained the following spells:

 Spells                   Type           Power      Damage    Failure   Level
 Slow                     Hex            0%         N/A       100%        1
 Ensorcelled Hibernation  Hex/Ice        0%         N/A       100%        2
 Passwall                 Tmut/Erth      0%         N/A       100%        2
 Poisonous Vapours        Pois/Air       0%         N/A       100%        2
 Confusing Touch          Hex            0%         N/A       100%        3
 Mephitic Cloud           Conj/Pois/Air  0%         N/A       100%        3
 Portal Projectile        Hex/Tloc       0%         N/A       100%        3
 Swiftness                Air            0%         N/A       100%        3
 Tukima's Dance           Hex            0%         N/A       100%        3
 Vampiric Draining        Necr           0%         2d6       100%        3
 Blade Hands              Tmut           0%         N/A       100%        5
 Freezing Cloud           Conj/Ice/Air   0%         6-21      100%        5


Dungeon Overview and Level Annotations

Branches:
Dungeon (7/15)             Temple (0/1) D:6

Altars:
Elyvilon
Qazlal
Sif Muna


Innate Abilities, Weirdness & Mutations

You have a pair of horns on your head.
You reflexively headbutt those who attack you in melee.


Message History

The killer bee completely misses you.
You feel much better. The killer bee closely misses you.
You furiously retaliate!
You headbutt the killer bee!
You kill the killer bee!
Qazlal accepts your kill. The wight hits you with a +0 falchion.
* * * LOW HITPOINT WARNING * * *
The wight hits you with a +0 battleaxe.
* * * LOW HITPOINT WARNING * * *
The wight barely misses you. The steam dragon bites you.
* * * LOW HITPOINT WARNING * * *
The steam dragon barely misses you. You block the howler monkey's attack.
You hit the wight but do no damage.
The wight is almost destroyed.
You barely miss the ice beast. You hit the howler monkey.
You hit the wight but do no damage. You closely miss the steam dragon.
The howler monkey hoots and howls with incredible vigour!
The ice beast hits you but does no damage.
The wight barely misses you. The wight hits you but does no damage.
A kobold brigand comes into view.
It is wielding a +0 short sword and quivering curare-tipped darts.
The steam dragon bites you but does no damage.
The steam dragon barely misses you. The wight barely misses you.
You hear an angry hiss.
You hear a shout!
You barely miss the howler monkey.
The howler monkey is almost dead.
You barely miss the wight. You slash the steam dragon!
You drain the steam dragon.
You kill the steam dragon!
Qazlal accepts your kill.
You closely miss the wight. You hit the ice beast but do no damage.
You drain the ice beast. The howler monkey barely misses you.
You furiously retaliate!
You headbutt the howler monkey.
You kill the howler monkey!
Qazlal accepts your kill.
You can now give life to nearby clouds.
The ice beast closely misses you. The wight hits you with a +0 battleaxe!
* * * LOW HITPOINT WARNING * * *
You feel drained.
* * * LOW HITPOINT WARNING * * *
The wight hits you from afar with a +5 trident!
You die...

..... # #K...z# ......
#...#. . .......... #....
.. ..........# ..#. .#
...!......# #Z.##..#
#.........# #zz....#
#.......#.######†z...###
##......#...hoFz@Yz....#
.........#..F###)##..#.#..
..............##.....#..<
..##..##)>..?.##........
## ##.........#..#...
#.###...#.....)#..#§##
...................§.##
###..###.###..........##
#..#..)..#.....§§§...#


You could see an ice beast (drained), a kobold brigand, 2 bullfrogs, a howler
monkey, 5 wights, an orc and a goblin zombie.

Vanquished Creatures
  Grinder (D:6)
  Eustachio (D:6)
  A wyvern (D:4)
  A steam dragon (D:7)
  Edmund (D:6)
  Duvessa (D:6)
  2 water moccasins
  2 ice beasts
  3 ogres
  A centaur (D:7)
  A phantom (D:6)
  2 scorpions
  Dowan (D:6)
  4 killer bees (D:7)
  2 howler monkeys (D:7)
  A gnoll bouda (D:5)
  An orc priest (D:7)
  A jelly (D:6)
  4 hounds
  A sleepcap (D:6)
  4 iguanas
  2 orc wizards
  5 gnolls
  9 adders
  A white imp (D:6)
  An ufetubus (D:7)
  2 worms
  3 dart slugs
  10 orcs
  2 bats
  2 endoplasms
  4 giant cockroaches
  4 goblins
  9 hobgoblins
  6 jackals
  6 kobolds
  6 quokkas
  11 ball pythons
  4 frilled lizards
  7 rats
130 creatures vanquished.

Vanquished Creatures (others)
  An orc wizard (D:7)
1 creature vanquished.

Grand Total: 131 creatures vanquished

Notes
Turn   | Place    | Note
-------+----------+-------------------------------------------
     0 | D:1      | Destapler the Minotaur Fighter began the quest for the Orb.
     0 | D:1      | Reached XP level 1. HP: 19/19 MP: 0/0
   109 | D:1      | Reached XP level 2. HP: 24/27 MP: 1/1
   305 | D:1      | Reached skill level 1 in Dodging
   307 | D:1      | Reached XP level 3. HP: 27/33 MP: 2/2
   422 | D:1      | Reached skill level 4 in Fighting
   617 | D:2      | Reached skill level 1 in Short Blades
   832 | D:2      | Found a faded altar of an unknown god.
   854 | D:2      | Prayed at the altar of an unknown god.
   854 | D:2      | Became a worshipper of Qazlal Stormbringer
   854 | D:2      | Reached * piety under Qazlal
  1422 | D:2      | Reached XP level 4. HP: 40/40 MP: 3/3
  2028 | D:3      | Noticed an ogre
  2062 | D:3      | Killed an ogre
  2063 | D:3      | Reached XP level 5. HP: 46/46 MP: 3/5
  2396 | D:4      | Found a stormy altar of Qazlal.
  2464 | D:4      | Found a white marble altar of Elyvilon.
  2465 | D:4      | Found a shimmering blue altar of Sif Muna.
  2545 | D:4      | Noticed a wyvern
  2564 | D:4      | Killed a wyvern
  2564 | D:4      | Reached ** piety under Qazlal
  2565 | D:4      | Reached XP level 6. HP: 18/53 MP: 1/8
  3010 | D:5      | Entered Level 5 of the Dungeon
  3010 | D:5      | Noticed an ice beast
  3030 | D:4      | Killed an ice beast
  3031 | D:4      | Reached skill level 5 in Fighting
  3209 | D:5      | Noticed a water moccasin
  3271 | D:4      | Reached skill level 6 in Fighting
  3271 | D:4      | Reached XP level 7. HP: 43/64 MP: 7/9
  3446 | D:5      | Reached skill level 1 in Throwing
  3459 | D:5      | Reached skill level 1 in Stealth
  4647 | D:6      | Found a staircase to the Ecumenical Temple.
  4723 | D:6      | Reached skill level 7 in Fighting
  4723 | D:6      | Reached XP level 8. HP: 45/73 MP: 6/10
  5006 | D:6      | Noticed Duvessa
  5009 | D:6      | Noticed Dowan
  5025 | D:6      | Killed Duvessa
  5026 | D:6      | Reached skill level 5 in Invocations
  5042 | D:6      | Killed Dowan
  5158 | D:6      | Noticed Eustachio
  5172 | D:6      | Killed Eustachio
  5173 | D:6      | Reached skill level 5 in Short Blades
  5279 | D:6      | Noticed Edmund
  5301 | D:6      | Killed Edmund
  5302 | D:6      | Reached skill level 8 in Fighting
  5375 | D:6      | Noticed Grinder
  5431 | D:6      | Killed Grinder
  5432 | D:6      | Reached XP level 9. HP: 70/81 MP: 9/12
  5548 | D:6      | Reached skill level 1 in Evocations
  5841 | D:7      | Reached *** piety under Qazlal
  5841 | D:7      | Slain by a wight

Illustrated notes

Levels and vault maps discovered:
D:1:      nicolae_arrival_washed_ashore, layout_rooms
D:2:      layout_loops_corners, shapermc_ecumenical_altar_mp_urbaneastern,
          chequers_serial_rivers_large_a, grunt_decor_resistance
D:3:      layout_basic
D:4:      layout_cave_pools, mainiacjoe_overflow_paths,
          gammafunk_temple_overflow_pools
D:5:      layout_layer_cave
D:6:      layout_basic, minmay_temple_entry_antechambers, minmay_starry_boxes,
          uniq_eustachio, uniq_edmund, uniq_grinder, uniq_duvessa
D:7:      minmay_bubble_buster, layout_cave_pools, mainiacjoe_overflow_alcove_4,
          mainiacjoe_overflow_catwalk, enter_ossuary_4, minivault_4,
          minmay_misc_feat_chi, minmay_misc_feat_plants,
          minmay_chambers_of_fives

Skill      XL: |  1  2  3  4  5  6  7  8  9 |
---------------+----------------------------+-----
Dodging        | 1 2 3 |  3.0
Shields        | 4 |  4.0
Fighting       | 4 6 7 8 |  8.8
Axes           | 3 |  3.0
Armour         | 4 |  4.0
Short Blades   | 1 3 6 |  6.0
Invocations    | 2 4 6 |  6.0
Throwing       | 2 3 |  3.0
Stealth        | 1 2 |  2.0
Evocations     | 2 |  2.8

Action                     |  1- 3 |  4- 6 |  7- 9 || total
---------------------------+-------+-------+-------++-------
  Melee: Dagger            |   127 |   109 |   257 ||   493
         War axe           |     3 |       |    11 ||    14
         Headbutt          |    20 |    29 |    65 ||   114
  Throw: Dart              |       |       |    21 ||    21
         Boomerang         |       |       |     4 ||     4
  Evoke: Wand              |       |       |     8 ||     8
    Use: Potion            |       |     1 |     3 ||     4
         Scroll            |       |       |    10 ||    10
 Armour: Scale mail        |    65 |    28 |    39 ||   132
         Plate armour      |       |       |    67 ||    67
  Dodge: Dodged            |    71 |    40 |   101 ||   212
  Block: Buckler           |    32 |    35 |   110 ||   177
